[Event "IIFL Wealth 4th Mumbai Open"]
[Site "Mumbai"]
[Date "2018.12.31"]
[Round "2"]
[White "Sairaj, Dilip Vernekar"]
[Black "Arhan, Chethan Anand"]
[Result "0-1"]
[ECO "C54"]
[WhiteElo "1445"]
[BlackElo "1710"]
[Annotator "NA"]
[PlyCount "88"]
[EventDate "2018.12.30"]
[EventType "swiss"]
[EventCountry "IND"]
[SourceTitle "playchess.com"]
[Source "ChessBase"]
[SourceQuality "1"]
[TimeControl "40/5400+30:1800+30"]

1. e4 e5 2. Nf3 Nc6 3. d4 exd4 4. Bc4 Bc5 5. c3 Nf6 6. e5 d5 7. Bb5 Ne4 8. cxd4 Bb6 9. O-O O-O 10. Be3 Bg4 11. Be2 f6 12. exf6 Qxf6 13. Nc3 Nxc3 14. bxc3 Rae8 15. Qb3 Qd6 16. Rad1 Na5 17. Qc2 Nc4 18. Qc1 c6 19. h3 Bxf3 20. Bxf3 Bc7 21. Rfe1 Qh2+ 22. Kf1 Nxe3+ 23. Rxe3 Bf4 24. Ke2 Bxe3 25. fxe3 Qg3 26. Rg1 Rf6 27. Qe1 Qg5 28. Kd2 Rfe6 29. Qf2 Rxe3 30. Kc2 Qf5+ 31. Kb3 Re2 32. Qxe2 Rxe2 33. Bxe2 Qf2 34. Rb1 Qxe2 35. Rb2 Qd1+ 36. Rc2 a5 37. Kb2 a4 38. a3 b6 39. c4 Qxd4+ 40. Kc1 dxc4 41. g4 c3 42. Kb1 Qd1+ 43. Rc1 Qb3+ 44. Ka1 Qb2# 0-1

[Event "IIFL Wealth 4th Mumbai Open"]
[Site "Mumbai"]
[Date "2018.12.31"]
[Round "2"]
[White "Mishra, Rahul"]
[Black "Tamhankar, Siddhant"]
[Result "0-1"]
[ECO "B20"]
[WhiteElo "1433"]
[BlackElo "1704"]
[Annotator "NA"]
[PlyCount "40"]
[EventDate "2018.12.30"]
[EventType "swiss"]
[EventCountry "IND"]
[SourceTitle "playchess.com"]
[Source "ChessBase"]
[SourceQuality "1"]
[TimeControl "40/5400+30:1800+30"]

1. e4 c5 2. b4 b6 3. Bc4 e6 4. Bb2 Bb7 5. Qe2 Nf6 6. d3 cxb4 7. a3 Nc6 8. Nf3 Be7 9. h4 Qc7 10. h5 h6 11. c3 Na5 12. e5 Nxc4 13. exf6 Nxb2 14. Qxb2 Bxf6 15. axb4 Bxf3 16. gxf3 O-O 17. d4 e5 18. d5 Rfe8 19. Qd2 e4 20. f4 e3 0-1

[Event "IIFL Wealth 4th Mumbai Open"]
[Site "Mumbai"]
[Date "2018.12.31"]
[Round "2"]
[White "Mahajan, Akash"]
[Black "Mayank, Chakraborty"]
[Result "1/2-1/2"]
[ECO "B90"]
[WhiteElo "1416"]
[BlackElo "1691"]
[Annotator "NA"]
[PlyCount "119"]
[EventDate "2018.12.30"]
[EventType "swiss"]
[EventCountry "IND"]
[SourceTitle "playchess.com"]
[Source "ChessBase"]
[SourceQuality "1"]
[TimeControl "40/5400+30:1800+30"]

1. e4 c5 2. Nf3 d6 3. d4 cxd4 4. Nxd4 Nf6 5. Nc3 a6 6. h3 e6 7. Bd3 Be7 8. O-O Qc7 9. Be3 b5 10. a3 Bb7 11. f4 Nbd7 12. f5 e5 13. Nb3 Nc5 14. Nxc5 dxc5 15. Nd5 Bxd5 16. exd5 c4 17. d6 Qxd6 18. Qf3 O-O 19. Be4 Nxe4 20. Qxe4 Rad8 21. Qg4 Bf6 22. h4 Kh8 23. Rf3 Qe7 24. Raf1 Qb7 25. Qh5 Qe4 26. Bc5 Rg8 27. Qxf7 Qd5 28. Qxd5 Rxd5 29. Be3 Bxh4 30. Rh3 Bf6 31. g4 Be7 32. Kg2 Rf8 33. Kf3 Kg8 34. Ke4 Rd7 35. g5 Bd6 36. Rfh1 g6 37. fxg6 hxg6 38. Rh8+ Kf7 39. R1h7+ Ke6 40. Rxf8 Bxf8 41. Rxd7 Kxd7 42. Kd5 Bd6 43. Bf2 a5 44. Bg3 c3 45. b3 Bxa3 46. Bxe5 Bb4 47. Bf6 Kc7 48. Be5+ Kb6 49. Bd4+ Ka6 50. Bf6 a4 51. bxa4 bxa4 52. Kc4 Ba5 53. Be7 Kb6 54. Bd8+ Ka6 55. Be7 Bc7 56. Kb4 Kb6 57. Kxa4 Bf4 58. Kb4 Bd2 59. Kc4 Kc6 60. Kd4 1/2-1/2

[Event "IIFL Wealth 4th Mumbai Open"]
[Site "Mumbai"]
[Date "2018.12.31"]
[Round "2"]
[White "Adarsh, Sanklecha"]
[Black "Shetye, Shyam"]
[Result "1-0"]
[ECO "B28"]
[WhiteElo "1414"]
[BlackElo "1685"]
[Annotator "NA"]
[PlyCount "103"]
[EventDate "2018.12.30"]
[EventType "swiss"]
[EventCountry "IND"]
[SourceTitle "playchess.com"]
[Source "ChessBase"]
[SourceQuality "1"]
[TimeControl "40/5400+30:1800+30"]

1. e4 c5 2. Nf3 a6 3. d4 cxd4 4. Nxd4 Nf6 5. Nc3 e5 6. Nb3 Bb4 7. Bg5 Bxc3+ 8. bxc3 h6 9. Bh4 g5 10. Bg3 Nxe4 11. Qd5 Nxg3 12. Qxe5+ Qe7 13. Qxe7+ Kxe7 14. hxg3 Nc6 15. O-O-O d6 16. Bd3 Be6 17. Kb2 Kf6 18. Be4 Rad8 19. Nd4 d5 20. Bd3 Ne5 21. f3 Kg7 22. Rhe1 Nxd3+ 23. cxd3 Rhe8 24. Re5 Bc8 25. Rde1 Bd7 26. Nf5+ Kg6 27. Ne7+ Kg7 28. Nxd5 Rxe5 29. Rxe5 Bc6 30. Nb4 Rd6 31. Nxc6 Rxc6 32. c4 Kf6 33. Re2 h5 34. Kc3 b5 35. Re4 bxc4 36. Rxc4 Re6 37. Kd2 Rb6 38. Rc2 h4 39. gxh4 gxh4 40. Ke3 Kg5 41. d4 Re6+ 42. Kd3 Kf4 43. Re2 Rb6 44. d5 Kg3 45. Kc4 a5 46. Kc5 Rb1 47. Rd2 Rc1+ 48. Kb6 a4 49. d6 Rb1+ 50. Kc7 a3 51. d7 Rc1+ 52. Kd6 1-0

[Event "IIFL Wealth 4th Mumbai Open"]
[Site "Mumbai"]
[Date "2018.12.31"]
[Round "2"]
[White "Amrit, Raunak"]
[Black "Sunil, Vaidya"]
[Result "1-0"]
[ECO "B14"]
[WhiteElo "1410"]
[BlackElo "1663"]
[Annotator "NA"]
[PlyCount "67"]
[EventDate "2018.12.30"]
[EventType "swiss"]
[EventCountry "IND"]
[SourceTitle "playchess.com"]
[Source "ChessBase"]
[SourceQuality "1"]
[TimeControl "40/5400+30:1800+30"]

1. e4 c6 2. d4 d5 3. exd5 cxd5 4. c4 Nf6 5. Nc3 e6 6. Nf3 Be7 7. Be2 O-O 8. O-O Nc6 9. Bg5 Ne4 10. Bxe7 Qxe7 11. cxd5 Nxc3 12. bxc3 exd5 13. h3 Be6 14. Bb5 Rac8 15. Bxc6 Rxc6 16. Qd2 Rfc8 17. Rac1 Qa3 18. Rb1 Rxc3 19. Rxb7 Rc2 20. Qf4 Rxa2 21. Ng5 Qf8 22. Re1 Ra6 23. Qg3 h6 24. Qd3 hxg5 25. Qxa6 g4 26. hxg4 Bxg4 27. Qxa7 Be6 28. Rb3 g6 29. Qb6 Qh6 30. Rbb1 Bf5 31. Ra1 Be4 32. Qb7 Rc2 33. Qb8+ Kh7 34. Ra8 1-0

[Event "IIFL Wealth 4th Mumbai Open"]
[Site "Mumbai"]
[Date "2018.12.31"]
[Round "2"]
[White "Abhyuday, Santhosh"]
[Black "Shreyas, Ghadi"]
[Result "1/2-1/2"]
[ECO "E32"]
[WhiteElo "1409"]
[BlackElo "1653"]
[Annotator "NA"]
[PlyCount "111"]
[EventDate "2018.12.30"]
[EventType "swiss"]
[EventCountry "IND"]
[SourceTitle "playchess.com"]
[Source "ChessBase"]
[SourceQuality "1"]
[TimeControl "40/5400+30:1800+30"]

1. d4 Nf6 2. c4 e6 3. Nc3 Bb4 4. Qc2 O-O 5. a3 Bxc3+ 6. Qxc3 b6 7. Nf3 Bb7 8. Bg5 d6 9. g3 Nbd7 10. Bg2 Rc8 11. O-O c5 12. Rad1 h6 13. Bxf6 Nxf6 14. dxc5 Rxc5 15. b4 Rc7 16. Qd4 Rd7 17. Rfe1 Qe7 18. e4 e5 19. Qd3 Rfd8 20. Nd2 Rf8 21. Nf1 Rdd8 22. Ne3 g6 23. Qc2 Nh5 24. Bf3 Ng7 25. Bg2 Ne6 26. Qd3 h5 27. Nf1 Nd4 28. Ne3 Kg7 29. Nc2 Ne6 30. Ne3 Nd4 31. Nc2 Nxc2 32. Qxc2 f5 33. Qb3 Qf7 34. exf5 Bxg2 35. Kxg2 Qxf5 36. Qe3 h4 37. gxh4 Qg4+ 38. Qg3 Qxc4 39. Rc1 Qd5+ 40. Kg1 Rc8 41. h5 Qe6 42. Qxg6+ Qxg6+ 43. hxg6 Kxg6 44. Rcd1 Rf6 45. Re3 Rc2 46. Rf1 Kf7 47. Kg2 Ke6 48. h4 d5 49. h5 d4 50. Rh3 Rh6 51. Rfh1 e4 52. Kg3 Kf5 53. Rh4 Rc3+ 54. Kg2 Rxa3 55. Re1 e3 56. Rxd4 1/2-1/2

[Event "IIFL Wealth 4th Mumbai Open"]
[Site "Mumbai"]
[Date "2018.12.31"]
[Round "2"]
[White "Ananya, Arumbakkam"]
[Black "Sathish Chandra, G."]
[Result "0-1"]
[ECO "B31"]
[WhiteElo "1405"]
[BlackElo "1632"]
[Annotator "NA"]
[PlyCount "65"]
[EventDate "2018.12.30"]
[EventType "swiss"]
[EventCountry "IND"]
[SourceTitle "playchess.com"]
[Source "ChessBase"]
[SourceQuality "1"]
[TimeControl "40/5400+30:1800+30"]

1. e4 c5 2. Nf3 Nc6 3. Bb5 g6 4. Bxc6 dxc6 5. d3 Bg7 6. Nc3 Qc7 7. O-O b6 8. Qe2 Nf6 9. a4 a5 10. h3 Nh5 11. e5 Bf8 12. Ne4 Ng7 13. Nd6+ Kd7 14. Nxf7 Rg8 15. N3g5 h5 16. Bf4 e6 17. Qe4 Ne8 18. d4 Ba6 19. Rfd1 Kc8 20. dxc5 Bxc5 21. Nh6 Rh8 22. Nxe6 Qe7 23. Qxc6+ Nc7 24. Nxc7 Bb7 25. Qe6+ Kxc7 26. Qxe7+ Bxe7 27. e6+ Kc6 28. Rd7 g5 29. Rc7+ Kd5 30. Rd1+ Ke4 31. Re1+ Kd5 32. Re5+ Kd4 33. Nf5# 0-1

[Event "IIFL Wealth 4th Mumbai Open"]
[Site "Mumbai"]
[Date "2018.12.31"]
[Round "2"]
[White "Vinod, Chaturvedi"]
[Black "Makwana, Devam"]
[Result "0-1"]
[ECO "D02"]
[WhiteElo "1387"]
[BlackElo "1617"]
[Annotator "NA"]
[PlyCount "89"]
[EventDate "2018.12.30"]
[EventType "swiss"]
[EventCountry "IND"]
[SourceTitle "playchess.com"]
[Source "ChessBase"]
[SourceQuality "1"]
[TimeControl "40/5400+30:1800+30"]

1. d4 d5 2. Nf3 Nf6 3. g3 e6 4. Bg2 c5 5. c3 Nc6 6. a3 a5 7. b3 Be7 8. Bb2 b5 9. O-O O-O 10. Nbd2 Qc7 11. Re1 Ne4 12. dxc5 Bxc5 13. Nd4 Nxc3 14. Bxc3 Nxd4 15. b4 axb4 16. axb4 Rxa1 17. Bxa1 Bb6 18. Qb1 Qa7 19. e3 Nf5 20. Nb3 Bb7 21. Qb2 f6 22. Bh3 g6 23. g4 Nh4 24. Nd2 g5 25. Qb3 Kg7 26. Rc1 e5 27. Bf1 d4 28. exd4 exd4 29. Qd3 Ng6 30. Nb3 Ne5 31. Qg3 Nf3+ 32. Kh1 Qa2 33. Nc5 Bxc5 34. bxc5 Qa3 35. Rd1 Qxc5 36. Bg2 Qc2 37. Bxf3 Qxd1+ 38. Kg2 Bxf3+ 39. Qxf3 Qxf3+ 40. Kxf3 Re8 41. Bxd4 b4 42. h3 b3 43. Bb2 Rc8 44. Ke2 Ra8 45. Ke1 0-1